[Event "Late-Titled-Tuesday-Blitz-January-16-2024"]
[Site "Chess.com"]
[Date "2024.01.16"]
[Round "5"]
[White "BogdanDeac"]
[Black "Ticondriul"]
[Result "1-0"]
[WhiteElo "3029"]
[BlackElo "2730"]
[TimeControl "180+1"]
[EndTime "14:54:48 PST"]
[Termination "BogdanDeac won by resignation"]

1. d4 Nc6 2. d5 Ne5 3. e4 e6 4.
Nc3 Bc5 5. Qh5 d6 6. Bg5 Nf6 7.
Qe2 h6 8. Bh4 Ng6 9. Bg3 e5 10.
h4 Bg4 11. f3 Nh5 12. Bf2 Bxf2+ 13. Qxf2 Bd7 14. Nge2 O-O 15. Qe3 b5 16. a3 a5 17.
Qd2 b4 18. Nd1 f5 19. exf5 Bxf5 20. Ne3 Bd7 21. axb4 axb4 22. Rxa8 Qxa8 23. Qxb4 Rb8 24. Qc3 Qa1+ 25. Kf2 Qa7 26. g3 Nhf4 27. Qa3 Qb6 28. h5 Nxe2 29. Bxe2 Nf4 30. Bc4 Rf8 31. Qb3 Qc5 32. Qa3 Qb6 33. Qc3 Nh3+ 34. Ke2 Ng5 35. Rf1 e4 36. f4 Nf3 37. Rd1 Be8 38. f5 Bxh5 39. g4 Be8 40. b4 Ne5 41. Qb3 Bf7 42. b5 Rb8 43. Ra1 Qc5 44. Ra6 Nf3 45. c3 Be8 46. Qb2 Bxb5 47. Bxb5 Qxb5+ 48. Qxb5 Rxb5 49. Nc4 Rc5 50. Rc6 Rxc6 51. dxc6 Kf7 52. Nxd6+ Ke7 53. Nxe4 Ne5 54. Nf2 Nxc6 55. Ke3 Kf6 56. Kf4 Ne7 57. Ne4+ Kf7 58. c4 Nc8 59. Ke5 Ke7 60. Kd5 Nb6+ 61. Kc5 Nd7+ 62. Kd5 Nb6+ 63. Kd4 Kd7 64. Nc5+ Kd6 65.
Ne6 g6 66. c5+ Ke7 67. cxb6 cxb6 68. Ke5 gxf5 69. gxf5 Kf7 70. Nd8+ Ke8 71. Nc6 b5 72. Ke6 h5 73. f6 h4 74. f7+ Kf8 75. Ne5 Kg7 76. Nd7 h3 77. f8=Q+ 1-0

[Event "Late-Titled-Tuesday-Blitz-January-16-2024"]
[Site "Chess.com"]
[Date "2024.01.16"]
[Round "5"]
[White "Felix-Rose"]
[Black "RianKapriaga"]
[Result "1/2-1/2"]
[WhiteElo "2237"]
[BlackElo "2371"]
[TimeControl "180+1"]
[EndTime "14:54:52 PST"]
[Termination "Game drawn - timeout vs insufficient material"]

1. e4 c6 2. d4 d5 3. e5 Bf5 4.
h4 h5 5. Bd3 Bxd3 6. Qxd3 e6 7.
Bg5 Qa5+ 8. Nd2 Qa6 9. c4 Nd7 10. Ngf3 Ne7 11. O-O Nf5 12. Qc2 Bb4 13. cxd5 cxd5 14.
Nb3 O-O 15. Qc7 Qc6 16. Rfc1 Qxc7 17. Rxc7 Nb6 18. Rxb7 f6 19. exf6 gxf6 20. Bf4 Rf7 21. Rxf7 Kxf7 22. Rc1 Nc4 23. a3 Be7 24. Rc2 a5 25. Nbd2 Rc8 26. b3 Nb6 27. Rxc8 Nxc8 28. Bc7 Bxa3 29. Bxa5 Na7 30. Bb6 Nc6 31. Kf1 Bb2 32.
Ke2 Bxd4 33. Bxd4 Ncxd4+ 34. Nxd4 Nxd4+ 35. Kd3 e5 36. f4 Nf5 37. fxe5 fxe5 38. b4 Ke6 39.
Kc3 Kd6 40. Nf3 e4 41. Nd2 Nxh4 42. Nb3 Nxg2 43. Kd4 Nf4 44. b5 Ne6+ 45. Ke3 h4 46. Nd2 Kc5 47. Nf1 Kxb5 48. Nh2 Kc5 49. Ng4 Kd6 50. Nh2 Ke5 51. Ng4+ Kf5 52. Nf2 d4+ 53. Ke2 e3 54. Nh3 Ke4 55. Kf1 d3 56.
Ke1 Nf4 57. Ng1 Kd4 58. Kf1 Kc3 59. Nf3 d2 60. Ng1 1/2-1/2

[Event "Late-Titled-Tuesday-Blitz-January-16-2024"]
[Site "Chess.com"]
[Date "2024.01.16"]
[Round "5"]
[White "Grischuk"]
[Black "enriquetejedor"]
[Result "0-1"]
[WhiteElo "3060"]
[BlackElo "2753"]
[TimeControl "180+1"]
[EndTime "14:55:09 PST"]
[Termination "enriquetejedor won by resignation"]

1. d4 Nf6 2. c4 c6 3. Bf4 d6 4.
Nc3 Nbd7 5. Nf3 Qa5 6. Bd2 Qc7 7. g3 e5 8. Qc2 Be7 9. Bg2 O-O 10. O-O Re8 11. Rac1 a6 12. e4 Bf8 13. h3 Qb8 14. Be3 b5 15. cxb5 axb5 16. b3 Bb7 17. Rfe1 b4 18. Na4 exd4 19. Bxd4 c5 20. Bxf6 Nxf6 21.
Nd2 Qc7 22. Nc4 Rad8 23. Rcd1 Bc6 24. f4 d5 25. exd5 Rxe1+ 26. Rxe1 Bxd5 27. Bxd5 Nxd5 28. Rd1 Nf6 29. Rxd8 Qxd8 30. Nab2 Qd4+ 31. Kg2 Qd5+ 32. Kg1 Qd4+ 33. Kg2 h5 34. Qd3 Qc3 35. Qxc3 bxc3 36.
Nd3 Nd5 37. Kf3 Be7 38. Ne3 Nb4 39. Nxb4 cxb4 40. Ke4 Kf8 41. Nc2 Ke8 42. g4 hxg4 43.
hxg4 Kd7 44. Kd3 Bd6 45. f5 Ke7 46. Kc4 Kf6 47. a3 bxa3 48. b4 a2 49. b5 Kg5 50.
b6 Kxg4 51. Kd5 Bb8 52. Ke4 Kg5 53. b7 Bh2 54. Na1 Bg3 55. Nc2 Bc7 56. Na1 Kf6 57.
Nc2 Ke7 58. Kd4 Kf6 59. Ke4 g6 60. fxg6 fxg6 61. Kd3 Be5 62. Kc4 g5 63. Kb3 g4 64.
Kxa2 g3 65. Ne3 c2 66. Ng4+ Kf5 67. Nxe5 c1=Q 68. b8=Q Qd2+ 69. Kb3 Qe3+ 70. Ka2 Qe2+ 71. Ka3 Qxe5 72. Qf8+ Ke4 73. Qa8+ Qd5 74. Qe8+ Qe5 75.
Qa8+ Ke3 76. Qa7+ Kf4 77. Qf7+ Qf5 78. Qc7+ Qe5 79. Qf7+ Kg5 80. Qf8 Qe3+ 81. Ka4 Qf4+ 0-1

[Event "Late-Titled-Tuesday-Blitz-January-16-2024"]
[Site "Chess.com"]
[Date "2024.01.16"]
[Round "5"]
[White "ArtemDyachuk"]
[Black "scandalgod"]
[Result "0-1"]
[WhiteElo "2644"]
[BlackElo "2521"]
[TimeControl "180+1"]
[EndTime "14:55:10 PST"]
[Termination "scandalgod won on time"]

1. d4 d5 2. c4 c6 3. Nf3 Nf6 4. Nc3 dxc4 5. a4 Bf5 6. Ne5 e6 7. Nxc4 Bb4 8. f3 O-O 9. e4 Nxe4 10. fxe4 Qh4+ 11. Kd2 Qxe4 12. Qf3 Qxd4+ 13. Ke1 Nd7 14. Bd2 Nf6 15. Qe3 Qd7 16. Be2 Rad8 17.
Ne4 Nd5 18. Qf3 b5 19. Bxb4 Nxb4 20. Ncd6 Nc2+ 21. Kf2 Nxa1 22. Rxa1 Bg6 23. axb5 f5 24. Nc3 Qxd6 25. bxc6 e5 26. Rxa7 e4 27. Qe3 Qxc6 28.
g3 Qd6 29. Nb5 Qe5 30. Qc3 Qxc3 31. Nxc3 Rd2 32. Rb7 Bh5 33. Ke3 Rxe2+ 34. Nxe2 Bxe2 35.
Kxe2 Rc8 36. b4 Rc2+ 37. Ke3 Rxh2 38. b5 Rb2 39. Kf4 Rb3 40. g4 fxg4 41. Kxg4 e3 42. Kf3 h6 43. b6 Kh7 44. Rb8 Kg6 45. b7 h5 46. Kg3 e2+ 47. Kf2 Rb2 48. Ke1 Kg5 49.
Rc8 Rxb7 50. Kxe2 g6 51. Kf3 Rb3+ 52. Kg2 Rb5 53. Rc4 Rf5 54. Kg3 Re5 55. Kf3 Ra5 56.
Kg2 Ra2+ 57. Kg3 Ra3+ 58. Kg2 h4 59. Rb4 Kh5 60. Rb8 g5 61. Rb4 Ra5 62. Rc4 Rf5 63. Rd4 Rf4 64. Rd8 Kg4 65. Rd3 Ra4 66. Rd2 Re4 67. Kh2 Kf3 68. Rd3+ Re3 69. Rd5 g4 70. Rf5+ Ke4 71. Rf8 Re2+ 72. Kg1 h3 73. Kh1 g3 74. Kg1 Re1+ 75. Rf1 Rxf1+ 76. Kxf1 Kf3 77. Kg1 g2 78. Kh2 Kf2 0-1

[Event "Late-Titled-Tuesday-Blitz-January-16-2024"]
[Site "Chess.com"]
[Date "2024.01.16"]
[Round "5"]
[White "dropstoneDP"]
[Black "ChessicallyInclined"]
[Result "1-0"]
[WhiteElo "3007"]
[BlackElo "2724"]
[TimeControl "180+1"]
[EndTime "14:55:16 PST"]
[Termination "dropstoneDP won by checkmate"]

1. e4 e5 2. Nf3 Nc6 3. Bc4 Bc5 4. d3 Nf6 5. c3 O-O 6. O-O d5 7. exd5 Nxd5 8. a4 a5 9. Re1 Bg4 10. h3 Bh5 11. Nbd2 Nb6 12. Bb5 Bd6 13. Ne4 Na7 14. d4 Nxb5 15. axb5 exd4 16. Nxd6 Qxd6 17. Qxd4 Bxf3 18.
Qxd6 cxd6 19. gxf3 a4 20. Re4 Rfe8 21. Rxe8+ Rxe8 22.
Be3 Nc4 23. Rxa4 Nxb2 24. Ra7 Rb8 25. Bf4 Nc4 26. Ra4 Rc8 27. Ra7 Rb8 28. Kf1 Kf8 29.
Ke2 Ke7 30. Kd3 Nb6 31. c4 Nd7 32. Kd4 Ke6 33. Kc3 f6 34. Kb4 g5 35. Be3 Ne5 36.
c5 dxc5+ 37. Kxc5 Nd7+ 38. Kb4 Ne5 39. Kc5 Nd7+ 40. Kd4 h6 41. f4 Kd6 42. fxg5 hxg5 43.
f4 gxf4 44. Bxf4+ Ne5 45. h4 Kc7 46. h5 Kb6 47. Ra1 Kxb5 48. Kd5 Rd8+ 49. Ke6 Nd3 50. Bc7 Rh8 51. Rh1 Kc6 52. Bg3 f5 53. Kxf5 b5 54. h6 b4 55. h7 b3 56. Kg6 b2 57. Rb1 Kd5 58. Bh4 Rxh7 59. Kxh7 Kc4 60. Bf6 Kb3 61.
Rh1 Kc2 62. Bxb2 Kxb2 63. Kg6 Kc3 64. Kf5 Kd4 65. Rh3 Kc4 66. Rg3 Nc5 67. Ke5 Nd3+ 68. Kd6 Kd4 69. Rg4+ Ke3 70. Kd5 Nf4+ 71. Ke5 Nd3+ 72.
Kf5 Kf3 73. Re4 Nf2 74. Ra4 Ke3 75. Ra3+ Nd3 76. Ke6 Kd4 77. Kd6 Ne5 78. Ra4+ Nc4+ 79. Kc6 Kd3 80. Kc5 Ne3 81. Rb4 Ke2 82. Rb3 Kf2 83. Kd4 Nf5+ 84. Ke4 Ng3+ 85. Ke5 Ne2 86. Kd5 Nf4+ 87. Ke4 Ne2 88. Rb2 Kf1 89. Ke3 Ng1 90. Rh2 Ke1 91. Rf2 Nh3 92. Ra2 Ng1 93. Ra1# 1-0

[Event "Late-Titled-Tuesday-Blitz-January-16-2024"]
[Site "Chess.com"]
[Date "2024.01.16"]
[Round "5"]
[White "KNVB"]
[Black "VladimirKramnik"]
[Result "0-1"]
[WhiteElo "2694"]
[BlackElo "2914"]
[TimeControl "180+1"]
[EndTime "14:55:27 PST"]
[Termination "VladimirKramnik won on time"]

1. d4 d5 2. Bf4 c5 3. e3 Nc6 4. c3 Nf6 5. Nd2 Bf5 6. Qb3 Na5 7. Qa4+ Bd7 8. Qd1 cxd4 9. exd4 a6 10. Bd3 Bg4 11.
Ngf3 e6 12. O-O Nc6 13. Re1 Be7 14. a4 O-O 15. Qb1 Bh5 16. Ne5 Rc8 17. Ndf3 Bg6 18. Nxg6 hxg6 19. g3 Re8 20. Kg2 Bf8 21. h4 Ne7 22.
Ne5 Nf5 23. Rh1 Bd6 24. Qe1 Qc7 25. Qe2 Nh5 26. Bd2 Nf6 27. g4 Ne7 28. h5 Bxe5 29.
dxe5 Ne4 30. hxg6 Nxg6 31. Bxe4 dxe4 32. Qxe4 Qxe5 33. Qxe5 Nxe5 34. Kg3 Nc4 35. Bc1 e5 36.
Rb1 f6 37. b3 Nd6 38. c4 Ne4+ 39. Kg2 Nc5 40. Be3 Ne6 41. Rhd1 Red8 42. Kf3 Kf7 43. a5 Ke7 44. Ke4 Rxd1 45. Rxd1 Rh8 46. b4 Rc8 47. Rc1 g6 48. Bb6 Ng5+ 49. Ke3 f5 50. gxf5 gxf5 51. f4 Nf7 52. Bc5+ Ke6 53. fxe5 Nxe5 54. Kd4 Nf3+ 55.
Ke3 Ng5 56. Kd4 Ne4 57. Bb6 Kf6 58. Rh1 Rg8 59. Rh6+ Rg6 60. Rh7 Rg7 61. Bd8+ Kg6 62. Rh1 Kf7 63. Bb6 Ke6 64. b5 Rg4 65. Ke3 Nd6 66. bxa6 Nxc4+ 67. Kd3 bxa6 68. Rh6+ Kd5 69. Rh8 Ne5+ 70. Kc3 Rg3+ 71. Kb4 Nc6+ 72. Ka4 Rg4+ 73. Kb3 Rb4+ 74. Kc3 Rb5 75. Rf8 Ke4 76. Re8+ Kf3 77. Ra8 Nb4 78. Bd8 f4 79. Kc4 Nc6 80. Bb6 Nxa5+ 81.
Bxa5 Rxa5 82. Kb4 Ra1 83. Kb3 Kf2 84. Kb2 Ra5 85. Rh8 f3 86. Rh2+ Kg1 87. Rh6 f2 88. Rg6+ Kh1 89. Rh6+ Kg2 90. Rg6+ Kf1 91. Kc2 Rf5 92.
Kd2 a5 93. Rg7 a4 94. Ra7 a3 95. Rxa3 Kg2 96. Ra8 f1=Q 97. Rg8+ Kf3 0-1

[Event "Late-Titled-Tuesday-Blitz-January-16-2024"]
[Site "Chess.com"]
[Date "2024.01.16"]
[Round "5"]
[White "dmitrijiIM"]
[Black "M1711"]
[Result "1-0"]
[WhiteElo "2883"]
[BlackElo "2665"]
[TimeControl "180+1"]
[EndTime "14:55:30 PST"]
[Termination "dmitrijiIM won by checkmate"]

1. d4 d5 2. c4 c6 3. Nf3 f6 4. Nc3 e6 5. e3 Bd6 6. Qc2 f5 7. Bd3 Nf6 8. cxd5 cxd5 9. Nb5 Nc6 10. Nxd6+ Qxd6 11. a3 Bd7 12. b4 Rc8 13. Qb3 O-O 14. Bb2 Qb8 15. Ne5 Nxe5 16. dxe5 Ng4 17. Be2 Nxe5 18.
O-O Nc4 19. Bd4 e5 20. Bc5 Rf7 21. Rfd1 Be6 22. Bxc4 dxc4 23. Qc3 Rc6 24. Rd2 h6 25. Rad1 Kh7 26. Bd6 Qc8 27. Bxe5 b5 28. Rd8 Qb7 29.
h4 Rc8 30. R8d6 Rc6 31. Rxc6 Qxc6 32. Rd6 Qe8 33. h5 Rd7 34. Qd4 Rxd6 35. Qxd6 Bf7 36. Qd4 Qf8 37. Qxa7 Bxh5 38. Qd4 Bg6 39. Bd6 Qf7 40.
Be5 Qe7 41. Kh2 Qb7 42. Kg1 Be8 43. f3 Bg6 44. Kf2 Qf7 45. Bf4 Qe7 46. Be5 Qb7 47. Ke2 Bf7 48. Bxg7 c3 49. Qxc3 Bc4+ 50. Kf2 Qxg7 51. Qc2 Qe5 52. Qd2 Bd5 53. Qd3 Bf7 54. Qd2 Qd5 55. Qc2 Qc4 56. Qxf5+ Kg7 57. Qe5+ Kg8 58.
Qb8+ Kh7 59. Qb7 Qc2+ 60. Kg3 Qg6+ 61. Kf2 Qc2+ 62. Kg1 Qc4 63. e4 Kg7 64. Qb6 Qc1+ 65. Kh2 Qf4+ 66. Kg1 Qc1+ 67. Kh2 Qxa3 68. Qd4+ Kg8 69.
Qd8+ Kg7 70. Qd4+ Kh7 71. Qf6 Qb3 72. Qf5+ Kg7 73. Qxb5 Qe3 74. Qe5+ Kg8 75. b5 Qg5 76. Qxg5+ hxg5 77. b6 g4 78. b7 gxf3 79. gxf3 Kg7 80. b8=Q Bg6 81. Qf4 Bf7 82. Kg3 Kg8 83. Qf6 Kf8 84.
Kf4 Kg8 85. Ke5 Kf8 86. Kd6 Kg8 87. Ke7 Kh7 88. Qxf7+ Kh8 89. Qh5+ Kg8 90. Qg5+ Kh7 91.
Kf7 Kh8 92. Qh5# 1-0

[Event "Late-Titled-Tuesday-Blitz-January-16-2024"]
[Site "Chess.com"]
[Date "2024.01.16"]
[Round "5"]
[White "The_Straightforward_Rook"]
[Black "angelgab3"]
[Result "1/2-1/2"]
[WhiteElo "2475"]
[BlackElo "2611"]
[TimeControl "180+1"]
[EndTime "14:55:52 PST"]
[Termination "Game drawn by 50-move rule"]

1. e4 e5 2. Nf3 Nc6 3. Bc4 Nf6 4.
d3 Be7 5. Nc3 O-O 6. a4 d6 7. O-O Be6 8. Nd5 Bxd5 9. exd5 Nb4 10. d4 Nbxd5 11. dxe5 dxe5 12. Nxe5 c6 13. Bg5 Qc7 14. Nf3 Rad8 15. Qc1 Rfe8 16. Bh4 Ne4 17. Bxe7 Qxe7 18. a5 Qf6 19. c3 Nf4 20. Re1 Nh3+ 21.
gxh3 Qxf3 22. Qe3 Qf6 23. Bf1 a6 24. Bg2 Nd6 25. Qc5 g6 26. Rad1 Nf5 27. Rxe8+ Rxe8 28. Qb6 Re7 29. Qd8+ Kg7 30. Qd3 Nh4 31. Qg3 Re5 32.
f4 Rxa5 33. Qe3 Rb5 34. Rd2 Nf5 35. Qe4 h5 36. Bf1 Ra5 37. Rd7 Ra1 38. Kg2 Nh4+ 39.
Kf2 g5 40. Bc4 Qxf4+ 41. Qxf4 gxf4 42. Rxf7+ Kg6 43. Rxf4 Kg5 44. Rf7 Rb1 45. Rxb7 Nf5 46. Bxa6 Rc1 47. Bd3 Nh4 48. Rc7 Rd1 49. Be2 Rd2 50.
Rxc6 Rxb2 51. Rc5+ Kf4 52. Rc4+ Kg5 53. Rc5+ Kf4 54. Rxh5 Nf5 55. Rh8 Rc2 56. Rf8 Kg5 57.
Rg8+ Kf6 58. Rf8+ Ke5 59. Rxf5+ Kxf5 60. Ke3 Rxc3+ 61. Bd3+ Kg5 62. Ke4 Kh4 63. Bf1 Rc2 64.
Kf3 Rc3+ 65. Kg2 Rc2+ 66. Kf3 Rd2 67. Bg2 Rd3+ 68. Kf2 Rd8 69. Bf3 Rf8 70. Kg2 Rf7 71. Bg4 Rf4 72. Kg1 Rb4 73. Kg2 Rb2+ 74. Kf1 Kg5 75. Ke1 Kf4 76. Kd1 Rxh2 77. Ke1 Ke3 78. Kf1 Kf4 79. Ke1 Rb2 80. Kf1 Kg3 81. Ke1 Rf2 82. Kd1 Kf4 83. Ke1 Ke3 84.
Kd1 Rd2+ 85. Ke1 Rd4 86. Kf1 Rb4 87. Kg2 Rb2+ 88. Kg3 Rb3 89. Kg2 Kf4 90. Kf2 Rg3 91.
Ke2 Rc3 92. Kf2 Rc7 93. Ke2 Kg5 94. Kf2 Kh4 95. Ke2 Rf7 96. Ke3 Rf6 97. Ke4 Kg3 98. Ke5 Rf4 99. Kd5 Rf8 100. Ke5 Kh4 101. Kd5 Kg5 102. Ke4 Re8+ 103. Kf3 Re7 104. Kg3 Re3+ 105. Kf2 Kf4 106. Kg2 Rd3 107. Kf2 Rd2+ 108. Ke1 Ke3 109. Kf1 Rf2+ 110. Ke1 Rd2 111. Kf1 Rd4 112. Kg2 Kf4 113. Kf2 Rd2+ 114. Ke1 Rb2 115. Kf1 Kg3 116. Ke1 Rf2 117. Kd1 Rf4 118. Ke1 Rf8 119. Ke2 Rg8 120. Ke3 Rg7 121. Ke4 Re7+ 122. Kf5 Rc7 123. Kg5 Rc5+ 124. Kf6 Kh4 125. Ke6 Rg5 126. Kf6 Rg8 1/2-1/2

[Event "Late-Titled-Tuesday-Blitz-January-16-2024"]
[Site "Chess.com"]
[Date "2024.01.16"]
[Round "5"]
[White "anasta10"]
[Black "Mops_2004"]
[Result "1/2-1/2"]
[WhiteElo "2538"]
[BlackElo "2686"]
[TimeControl "180+1"]
[EndTime "14:56:21 PST"]
[Termination "Game drawn - insufficient material"]

1. Nf3 Nf6 2. c4 e6 3. Nc3 Bb4 4. Qc2 b6 5. g3 Bb7 6. Bg2 O-O 7. O-O d6 8. a3 Bxc3 9. Qxc3 a5 10. d3 a4 11. b4 axb3 12. Qxb3 Nbd7 13. Bb2 e5 14. Qc2 Ra7 15. a4 Qa8 16. Ra2 e4 17. Ne1 exd3 18. exd3 h5 19. Bxb7 Qxb7 20. Ng2 Ng4 21. Qe2 Raa8 22.
h3 Rfe8 23. Qd1 Ngf6 24. Bc3 Ne5 25. f4 Ned7 26. Kh2 d5 27. Rff2 dxc4 28. dxc4 Qc6 29.
Qa1 Ne4 30. Rfc2 f6 31. Bd4 Rad8 32. Bg1 Ndc5 33. Ra3 Nd3 34. a5 Nec5 35. axb6 cxb6 36. Qa2 Re4 37. Ra7 Rde8 38. Rd2 R4e6 39. Bxc5 Nxc5 40. Qc2 Qe4 41. Qxe4 Rxe4 42. Rda2 Rxc4 43. Ra8 Rxa8 44.
Rxa8+ Kf7 45. Rb8 Rb4 46. Kg1 Ne4 47. g4 hxg4 48. hxg4 Rb1+ 49. Kh2 Rb2 50. Kh3 b5 51. Rb7+ Kg6 52. Nh4+ Kh7 53. Nf5 Nf2+ 54. Kg3 Ne4+ 55. Kf3 Nd2+ 56. Kg3 Rb3+ 57. Kg2 Ne4 58. Rxg7+ Kh8 59.
Rb7 b4 60. Ne7 Rb1 61. Ng6+ Kg8 62. Ne7+ Kf8 63. Ng6+ Kg8 64. Ne7+ Kf7 65. Nd5+ Ke6 66. Nxb4 Rb2+ 67. Kf3 Nc5 68. Rb6+ Kd7 69. Nd5 Rxb6 70.
Nxb6+ Ke6 71. Nc4 Nd7 72. Ne3 Nb6 73. Ke4 Nd7 74. f5+ Kf7 75. Kf4 Nc5 76. Ng2 Nd3+ 77. Ke4 Nf2+ 78. Kf3 Nd3 79. Nf4 Ne5+ 80. Kg3 Ke7 81.
Nd5+ Kf7 82. Kf4 Nd3+ 83. Kg3 Ne5 84. Kh4 Nf3+ 85. Kh5 Ne5 86. Nf4 Nf3 87. Nd3 Nd4 88. Kh4 Nf3+ 89. Kg3 Ng5 90. Kf4 Nh3+ 91. Kg3 Ng5 92.
Nf4 Ne4+ 93. Kf3 Ng5+ 94. Ke3 Ke7 95. Ng6+ Kf7 96. Kf4 Nh3+ 97. Kg3 Ng5 98. Nf4 Ne4+ 99. Kf3 Ng5+ 100. Ke3 Ke7 101. Ne2 Kf7 102. Nd4 Ke7 103. Nf3 Nf7 104. Kf4 Kf8 105. Nd4 Ke7 106. Ne6 Ne5 107. g5 Nd3+ 108. Kg4 fxg5 109. Kxg5 Ne5 110. Nf4 Nf7+ 111. Kg6 Ne5+ 112. Kg7 Ng4 113. Nh5 Kd6 114. Kg6 Ne5+ 115. Kf6 Ng4+ 116. Kg5 Ne5 117. f6 Nd7 118. f7 Ke7 119. Kg6 Ne5+ 120. Kg7 Nxf7 1/2-1/2

[Event "Late-Titled-Tuesday-Blitz-January-16-2024"]
[Site "Chess.com"]
[Date "2024.01.16"]
[Round "6"]
[White "thesupera12"]
[Black "Smile2005"]
[Result "1-0"]
[WhiteElo "2526"]
[BlackElo "2338"]
[TimeControl "180+1"]
[EndTime "14:57:42 PST"]
[Termination "thesupera12 won by resignation"]

1. b3 d5 2. Bb2 Nf6 3. Nf3 e6 4. e3 c5 5. c4 Nc6 6. d4 cxd4 7.
Nxd4 Bb4+ 8. Nc3 O-O 9. Nxc6 bxc6 10. Bd3 d4 11. exd4 Qxd4 12. Bxh7+ 1-0

[Event "Late-Titled-Tuesday-Blitz-January-16-2024"]
[Site "Chess.com"]
[Date "2024.01.16"]
[Round "6"]
[White "Maxfan2008"]
[Black "aa175"]
[Result "1-0"]
[WhiteElo "2528"]
[BlackElo "2663"]
[TimeControl "180+1"]
[EndTime "14:58:39 PST"]
[Termination "Maxfan2008 won by resignation"]

1. e4 c5 2. Nf3 d6 3. d4 cxd4 4. Nxd4 Nf6 5. Nc3 a6 6. f4 b5 7. e5 b4 8. Qf3 dxe5 9. Qxa8 exd4 10. Qxb8 bxc3 11. bxc3 e6 12. cxd4 Ne4 13. Bd3 Bd6 14.
Qa8 Nc3 15. Qc6+ 1-0

[Event "Late-Titled-Tuesday-Blitz-January-16-2024"]
[Site "Chess.com"]
[Date "2024.01.16"]
[Round "6"]
[White "Fandorine"]
[Black "FontVella8"]
[Result "1-0"]
[WhiteElo "2964"]
[BlackElo "2757"]
[TimeControl "180+1"]
[EndTime "14:59:03 PST"]
[Termination "Fandorine won by resignation"]

1. c4 e6 2. g3 d5 3. Bg2 Nf6 4. Nf3 dxc4 5. Qa4+ Nbd7 6. Qxc4 c5 7. Qc2 Be7 8. d4 O-O 9. O-O h6 10. Rd1 Nd5 11. a3 b6 12. e4 N5f6 13. Nc3 Bb7 14. d5 exd5 15. e5 Ne4 16. Nxd5 Bxd5 17. Rxd5 Ng5 18. Bxg5 Bxg5 19. Rad1 1-0

[Event "Late-Titled-Tuesday-Blitz-January-16-2024"]
[Site "Chess.com"]
[Date "2024.01.16"]
[Round "6"]
[White "The_Straightforward_Rook"]
[Black "Goryachkina"]
[Result "0-1"]
[WhiteElo "2471"]
[BlackElo "2685"]
[TimeControl "180+1"]
[EndTime "14:59:55 PST"]
[Termination "Goryachkina won by resignation"]

1. e4 c5 2. c3 Nf6 3. e5 Nd5 4. Nf3 Nc6 5. Bc4 Nb6 6. Bb3 c4 7. Bc2 d6 8. exd6 Qxd6 9. Na3 Bg4 10. O-O e6 11. b3 cxb3 12. axb3 Qd5 13. d4 Bd6 14.
Re1 Qh5 15. h3 Bxf3 16. Qxf3 Qxf3 17. gxf3 O-O 18. Nb5 Be7 19. Bf4 a6 20. Nd6 Nd5 21. Bg3 Nxc3 22. Nxb7 Nxd4 23. Be4 Nxe4 24. Rxe4 Nxb3 25. Rb1 Nd2 0-1

[Event "Late-Titled-Tuesday-Blitz-January-16-2024"]
[Site "Chess.com"]
[Date "2024.01.16"]
[Round "6"]
[White "texie1"]
[Black "Agibileg"]
[Result "0-1"]
[WhiteElo "2518"]
[BlackElo "2686"]
[TimeControl "180+1"]
[EndTime "15:00:12 PST"]
[Termination "Agibileg won by resignation"]

1. Nf3 Nf6 2. c4 g6 3. d4 Bg7 4. Nc3 O-O 5. g3 d6 6. Bg2 Nbd7 7. O-O e5 8. e4 exd4 9. Nxd4 Nc5 10. h3 Re8 11.
Re1 Bd7 12. Be3 Ncxe4 13. Nxe4 Nxe4 14. Qc2 Nxg3 15. fxg3 Rxe3 16. Rxe3 Bxd4 17. Qd3 Qf6 18. Kh2 Bxe3 19. Qxe3 Re8 20. Qxa7 Bc6 21. Bxc6 bxc6 22.
Rg1 Re2+ 23. Rg2 Rxg2+ 24. Kxg2 Qxb2+ 25. Kf3 Qc3+ 26. Kf2 Qxc4 27. Qxc7 Qxa2+ 28. Kf3 Qd5+ 29. Kf2 c5 30. h4 h5 31. Ke3 c4 32. Qb8+ Kh7 33. Qc7 Qd3+ 34. Kf4 Kg7 35. Qc6 c3 36. Qb7 Qd4+ 37. Kf3 c2 38. Qc7 Qd1+ 39. Kf4 c1=Q+ 0-1

[Event "Late-Titled-Tuesday-Blitz-January-16-2024"]
[Site "Chess.com"]
[Date "2024.01.16"]
[Round "6"]
[White "AEMEffi"]
[Black "danshev16"]
[Result "1-0"]
[WhiteElo "2365"]
[BlackElo "2513"]
[TimeControl "180+1"]
[EndTime "15:00:21 PST"]
[Termination "AEMEffi won by resignation"]

1. d4 c6 2. c4 d6 3. Nc3 Nd7 4. e4 h6 5. f4 g5 6. fxg5 hxg5 7. Bxg5 Bg7 8. Nf3 Nf8 9. Qd2 Ne6 10. Be3 Nf6 11. d5 Nc7 12. h3 Ng4 13. Bd4 e5 14. dxe6 Nxe6 15. Bxg7 Nxg7 16. O-O-O Rh6 17. Be2 Nf2 18.
Qxh6 Nxh1 19. Qxg7 Nf2 20. Rf1 Qb6 21. Qd4 Nxh3 22.
gxh3 Qa5 23. Qxd6 Qh5 24. Rg1 Qh6+ 25. Qxh6 1-0

[Event "Late-Titled-Tuesday-Blitz-January-16-2024"]
[Site "Chess.com"]
[Date "2024.01.16"]
[Round "6"]
[White "SHIVACalypso"]
[Black "Sic_Transit_GM"]
[Result "0-1"]
[WhiteElo "2432"]
[BlackElo "2667"]
[TimeControl "180+1"]
[EndTime "15:00:31 PST"]
[Termination "Sic_Transit_GM won by resignation"]

1. Nf3 g6 2. c4 Bg7 3. g3 e5 4. Bg2 Nc6 5. d3 d6 6. Nc3 f5 7. O-O h6 8. Rb1 Nf6 9. b4 g5 10. b5 Ne7 11. a4 Ng6 12. Ba3 g4 13. Nd2 h5 14. c5 d5 15. Qb3 c6 16. bxc6 bxc6 17.
e4 fxe4 18. dxe4 d4 19. Nc4 O-O 20. Nxe5+ Kh7 21. Nxg6 Kxg6 22. e5 dxc3 23. exf6 Qxf6 24. Be4+ Bf5 25. Bxf5+ Qxf5 26. Bb4 Rab8 27. Qc4 Qd5 28. Qe2 Rfe8 29. Qc2+ Qe4 30. Rfc1 Qxc2 31. Rxc2 a5 0-1

[Event "Late-Titled-Tuesday-Blitz-January-16-2024"]
[Site "Chess.com"]
[Date "2024.01.16"]
[Round "6"]
[White "rikchessmx"]
[Black "KSho99"]
[Result "1-0"]
[WhiteElo "2367"]
[BlackElo "2155"]
[TimeControl "180+1"]
[EndTime "15:00:39 PST"]
[Termination "rikchessmx won by resignation"]

1. e4 c6 2. d4 d5 3. Nc3 dxe4 4. Nxe4 Nf6 5. Ng5 h6 6. N5f3 Bf5 7. Bc4 e6 8. Qe2 Be7 9. Bf4 Nbd7 10. O-O-O b5 11. Bd3 Bxd3 12. Rxd3 Nd5 13. Bd2 O-O 14. Ne5 Nxe5 15.
dxe5 Qb6 16. Rg3 Kh8 17. Qg4 Rg8 18. Nh3 Qc5 19. Qh5 Bf8 20. Qxf7 Nb4 21. Qg6 Qxe5 22. Ng5 1-0

[Event "Late-Titled-Tuesday-Blitz-January-16-2024"]
[Site "Chess.com"]
[Date "2024.01.16"]
[Round "6"]
[White "jefferyx"]
[Black "MightyGMpretender"]
[Result "1-0"]
[WhiteElo "2998"]
[BlackElo "2822"]
[TimeControl "180+1"]
[EndTime "15:01:03 PST"]
[Termination "jefferyx won by resignation"]

1. d4 Nf6 2. c4 e6 3. Nc3 d5 4.
Bg5 h6 5. Bxf6 gxf6 6. cxd5 exd5 7. e3 c6 8. Bd3 Be6 9. Nge2 Bd6 10. Ng3 Nd7 11. O-O h5 12. Nf5 Bxf5 13. Bxf5 Nb6 14.
e4 dxe4 15. Re1 Kf8 16. Nxe4 Nd5 17. Qf3 Bb4 18. Re2 Qc7 19. g3 h4 20. a3 Ba5 21.
b4 Bb6 22. Nc5 hxg3 23. Nd7+ Kg7 24. hxg3 Rh6 25. Kg2 Rd8 26. Qg4+ Kh8 27. Rh1 Rxh1 28. Kxh1 1-0

[Event "Late-Titled-Tuesday-Blitz-January-16-2024"]
[Site "Chess.com"]
[Date "2024.01.16"]
[Round "6"]
[White "ValeriyGrinev"]
[Black "momotaro77"]
[Result "0-1"]
[WhiteElo "2539"]
[BlackElo "2411"]
[TimeControl "180+1"]
[EndTime "15:01:04 PST"]
[Termination "momotaro77 won by resignation"]

1. e4 e5 2. Nf3 Nc6 3. Bb5 g6 4. d4 exd4 5. Bg5 Be7 6. Bxe7 Qxe7 7. O-O Qc5 8. Bxc6 dxc6 9. Nxd4 Bd7 10. Nb3 Qe7 11.
Qd4 f6 12. Nc3 Nh6 13. Rad1 b6 14. h3 Nf7 15. Rfe1 O-O-O 16. Qa4 Kb7 17. Nd4 c5 18. Ndb5 a6 19. Qb3 axb5 20. Nxb5 Bc6 21. Nc3 Ne5 22. a4 c4 23. Qa2 Qb4 24. f4 Nd7 25. Nd5 Bxd5 26.
exd5 Rhe8 27. c3 Qc5+ 28. Kf1 Rxe1+ 29. Rxe1 Qxd5 30. Qb1 Nc5 31. a5 Qd3+ 32. Qxd3 cxd3 33. axb6 Kxb6 34. Rd1 d2 35. Ke2 Nb3 36. g4 Kb5 37.
h4 Kc4 38. h5 Re8+ 39. Kf2 Kd3 40. h6 Kc2 41. Rxd2+ Kxd2 0-1

[Event "Late-Titled-Tuesday-Blitz-January-16-2024"]
[Site "Chess.com"]
[Date "2024.01.16"]
[Round "6"]
[White "Sargsyan_Shant"]
[Black "Jospem"]
[Result "1-0"]
[WhiteElo "2887"]
[BlackElo "3084"]
[TimeControl "180+1"]
[EndTime "15:01:07 PST"]
[Termination "Sargsyan_Shant won by checkmate"]

1. c4 c5 2. Nf3 Nc6 3. Nc3 g6 4.
e3 Bg7 5. d4 d6 6. d5 Na5 7.
Bd2 Nf6 8. e4 Bg4 9. h3 Bxf3 10.
Qxf3 Nd7 11. Bd3 a6 12. Qe2 O-O 13. O-O Ne5 14. Rab1 Rb8 15. b3 e6 16. f4 Nd7 17.
Kh1 exd5 18. exd5 b6 19. Ne4 Nb7 20. f5 Qc7 21. f6 Bh8 22. Rbe1 Rfe8 23. Qf2 Ne5 24.
Bc2 b5 25. Qh4 Nd7 26. Ng5 Rxe1 27. Qxh7+ Kf8 28. Qxh8# 1-0